 Dungeon Crawl Stone Soup version 0.21.1-1-g345015f (webtiles) character file.

596 Kagorn the Sneak (level 7, -7/54 HPs)
             Began as a Vampire Berserker on June 4, 2018.
             Was a Priest of Trog.
             Mangled by a gnoll
             ... wielding a cursed -3 halberd
              (9 damage)
             ... on level 4 of the Dungeon.
             The game lasted 00:40:18 (4646 turns).

Kagorn the Sneak (Vampire Berserker)                Turns: 4646, Time: 00:40:18

Health: -7/54      AC:  0    Str: 16    XL:     7   Next: 17%
Magic:  5/7        EV: 22    Int:  9    God:    Trog [***...]
Gold:   154        SH:  0    Dex: 21    Spells: 6/6 levels left

rFire    . . .     SeeInvis +   (weapon currently unavailable)
rCold    . . .     Gourm    .   (shield currently unavailable)
rNeg     + . .     Faith    .   (armour currently unavailable)
rPois    .         Spirit   .   (helmet currently unavailable)
rElec    .         Reflect  .   (cloak currently unavailable)
rCorr    .         Harm     .   (gloves currently unavailable)
MR       .....                  (boots currently unavailable)
Stlth    +++++.....             (no amulet)
HPRegen  0.18/turn              (ring currently unavailable)
MPRegen  0.10/turn              (ring currently unavailable)

@: bat-form, flying, very quick
A: tiny, fangs 3, see invisible
a: End Transformation, Berserk, Trog's Hand, Burn Spellbooks, Renounce Religion


You were on level 4 of the Dungeon.
You worshipped Trog.
Trog was most pleased with you.
You were not thirsty.
You were in vampire-bat-form.
You visited 1 branch of the dungeon, and saw 4 of its levels.

You collected 154 gold pieces.

Inventory:

Hand Weapons
 a - a +0 mace
 s - a +0 antimagic war axe
 v - a +3 dagger of draining (melded)
Armour
 b - a +0 pair of gloves (melded)
 f - a +0 chain mail (melded)
 u - a +0 cloak (melded)
Jewellery
 o - a +2 ring of dexterity (melded)
 z - a +6 ring of intelligence (melded)
Wands
 r - a wand of iceblast (7)
 w - a wand of polymorph (16)
 y - a wand of flame (15)
Scrolls
 d - 6 scrolls of identify
 h - 2 scrolls of teleportation
 p - 2 scrolls of magic mapping
 q - a scroll of remove curse
Potions
 c - 16 potions of blood
 g - 3 potions of lignification {unknown}
 i - 3 potions of might {unknown}
 j - a potion of haste {unknown}
 k - 2 potions of flight {unknown}
 n - a potion of mutation {unknown}
 t - a potion of curing


   Skills:
 + Level 4.0 Fighting
 * Level 2.4 Short Blades
 - Level 0.8(2.8) Axes
 - Level 3.9 Maces & Flails
 + Level 3.3 Armour
 + Level 3.2 Dodging
 * Level 4.3 Stealth


You had 6 spell levels left.
You didn't know any spells.

Dungeon Overview and Level Annotations

Branches:
Dungeon (4/15)
 Temple: D:4-7

Altars:


Innate Abilities, Weirdness & Mutations

You have razor-sharp teeth.
You have supernaturally acute eyesight. (SInv)
((You can survive without breathing.))


Message History

The gnoll hits you with a flail!
* * * LOW HITPOINT WARNING * * *
The gnoll closely misses you.
You hit the gnoll.
You kill the gnoll!
Trog accepts your kill.
Your Fighting skill increases to level 4!
The gnoll barely misses you.
The gnoll hits you from afar with a spear.
* * * LOW HITPOINT WARNING * * *
You turn into a vampire bat.
Your +3 dagger of draining melds into your body.
Your +0 cloak melds into your body.
Your +0 pair of gloves melds into your body.
Your +0 chain mail melds into your body.
Your +2 ring of dexterity melds into your body.
Your +6 ring of intelligence melds into your body.
You feel clumsy.
You feel stupid.
The gnoll hits you from afar with a halberd!
You die...

##......#......#
#.......#.####.#
#..####.#)####.##
##..#.....[[......
#.....##.#.####.##
#...####.#.####.#
#........#......#
#.###############
#b# #)####### ****
#gg.....#******,,,
#(#####.#,,,,,*,**
#....##.#,,,,,*,**
#.#..##.#,,,,,,,,,
#.#.###.#,,,,,*,*#
#.#<###.#,,,∩,*,*#
#.......#******,,,


You could see 2 gnolls.

Vanquished Creatures
  An ogre (D:4)
  A phantom (D:4)
  The ghost of MrLeft the Skirmisher, a weakling DsAK of Lugonu (D:3)
  Terence (D:2)
  Natasha (thrice) (D:2)
  2 orc wizards
  2 worker ants (D:4)
  5 gnolls
  3 adders
  A shadow imp (D:4)
  3 oozes
  An adder skeleton (D:4)
  2 worms
  A dart slug (D:2)
  6 leopard geckos
  7 orcs
  3 goblins
  9 hobgoblins
  3 jackals (D:1)
  3 quokkas
  A ball python (D:4)
  8 bats
  4 frilled lizards
  6 kobolds
  7 rats
84 creatures vanquished.

Notes
Turn   | Place    | Note
-------+----------+-------------------------------------------
     0 | D:1      | Kagorn the Vampire Berserker began the quest for the Orb.
     0 | D:1      | Reached XP level 1. HP: 17/17 MP: 1/1
   256 | D:1      | Reached XP level 2. HP: 14/23 MP: 2/2
   813 | D:2      | Noticed Natasha
   822 | D:2      | Killed Natasha
   822 | D:2      | Reached XP level 3. HP: 23/29 MP: 3/3
   833 | D:2      | Noticed Terence
  1351 | D:2      | Killed Terence
  1351 | D:2      | Reached ** piety under Trog
  1351 | D:2      | Reached XP level 4. HP: 31/35 MP: 4/4
  2066 | D:2      | Noticed Natasha
  2147 | D:2      | Killed Natasha
  2181 | D:2      | Noticed Natasha
  2189 | D:2      | Killed Natasha
  2189 | D:2      | Reached skill level 1 in Stealth
  2189 | D:2      | Reached XP level 5. HP: 34/41 MP: 5/5
  3206 | D:3      | Noticed MrLeft's ghost (weakling DsAK)
  3220 | D:3      | Killed MrLeft's ghost
  3220 | D:3      | Reached XP level 6. HP: 34/47 MP: 2/6
  4086 | D:4      | Reached skill level 1 in Short Blades
  4130 | D:4      | Reached *** piety under Trog
  4189 | D:4      | Reached XP level 7. HP: 53/53 MP: 7/7
  4645 | D:4      | HP: 2/54 [gnoll/spear (2)]
  4646 | D:4      | Mangled by a gnoll

Skill      XL: |  1  2  3  4  5  6  7 |
---------------+----------------------+-----
Fighting       | 3 4 |  4.0
Armour         | 2 3 |  3.3
Maces & Flails | 3 |  3.9
Stealth        | 1 2 4 |  4.3
Dodging        | 3 |  3.2
Short Blades   | 2 |  2.4
Axes           | |  0.8

Action                   |  1- 3 |  4- 6 |  7- 9 || total
-------------------------+-------+-------+-------++-------
Melee: Mace              |    80 |   118 |       ||   198
       Bite              |    11 |    31 |     4 ||    46
       War axe           |       |    52 |       ||    52
       Dagger            |       |    73 |    28 ||   101
Invok: Berserk           |     2 |     1 |       ||     3
       Trog's Hand       |       |     2 |       ||     2
 Abil: Bat Form          |     1 |       |     1 ||     2
       End Transformatio |     1 |       |       ||     1
  Use: Potion            |     2 |    15 |       ||    17
       Scroll            |       |     1 |     8 ||     9
Armor: Chain mail        |    79 |   137 |    18 ||   234
Dodge: Dodged            |    64 |   122 |    16 ||   202
